 Dungeon Crawl Stone Soup version 0.19-a0-687-g35db334 (webtiles) character file.

1737 Geppetto the Quickloader (level 8, -3/74 HPs)
             Began as a Minotaur Hunter on June 18, 2016.
             Slain by a gargoyle
             ... wielding a +0 morningstar
              (30 damage)
             ... on level 7 of the Dungeon.
             The game lasted 00:17:18 (5020 turns).

Geppetto the Quickloader (Minotaur Hunter)          Turns: 5020, Time: 00:17:18

Health: -3/74      AC: 10    Str: 16    XL:     8   Next: 76%
Magic:  7/7        EV:  7    Int:  8    God:
Gold:   134        SH:  0    Dex: 16    Spells: 0 memorised, 7 levels left

rFire  . . .     SeeInvis .     b - +2 war axe (chop)
rCold  . . .     Gourm    .     n - +0 chain mail
rNeg   + . .     Faith    .     (no shield)
rPois  .         Spirit   .     (helmet restricted)
rElec  .         Dismiss  .     (no cloak)
rCorr  .         Reflect  .     e - +0 pair of gloves
SustAt .         Harm     +     o - +0 pair of boots
MR     .....                    i - amulet of harm
Stlth  ..........               y - ring of positive energy
                                t - +2 ring of dexterity

@: very slightly contaminated, hasted, very quick, not resistant to hostile
enchantments, extremely unstealthy
A: retaliatory headbutt, horns 2
a: no special abilities


You were on level 7 of the Dungeon.
You were not hungry.

You visited 1 branch of the dungeon, and saw 7 of its levels.

You collected 244 gold pieces.
You spent 110 gold pieces at shops.

Inventory:

Hand Weapons
 a - a +3 hand crossbow
 b - a +2 war axe of chopping (weapon)
 g - a +0 short sword
 J - the +2 war axe "Ozoant" {venom, rC+ Dex+5, unknown}
   (You found it on level 7 of the Dungeon)

   It poisons the flesh of those it strikes.
   It affects your dexterity (+5).
   It protects you from cold.
Missiles
 d - a bolt
Armour
 e - a +0 pair of gloves (worn)
 n - a +0 chain mail (worn)
 o - a +0 pair of boots (worn)
 F - a +0 plate armour
Rods
 c - a +1 rod of inaccuracy (13/13)
   (You found it on level 3 of the Dungeon)
Jewellery
 i - an amulet of harm (around neck)
 t - a +2 ring of dexterity (left hand)
 y - a ring of positive energy (right hand)
 z - the ring of the Mage {Wiz MR++ Int+3}
   (You found it on level 4 of the Dungeon)

   [ring of wizardry]

   It improves your spell success rate.
   It affects your intelligence (+3).
   It affects your resistance to hostile enchantments.
Wands
 p - a wand of lightning (9/15)
Scrolls
 l - 3 scrolls of teleportation
 q - a scroll of fear
 s - 3 scrolls of remove curse
 x - a scroll of recharging
 C - a scroll of amnesia
 E - a scroll of enchant armour {unknown}
 H - a scroll of identify
Potions
 h - a potion of haste
 k - 4 potions of curing
 m - a potion of degeneration {unknown}
 u - a potion of agility {unknown}
 w - a potion of cure mutation {unknown}
 A - a potion of mutation {unknown}
 B - 3 potions of invisibility {unknown}
 D - a potion of brilliance {unknown}
Comestibles
 f - 4 bread rations
 r - 2 beef jerkies
 v - a meat ration
 G - 3 fruits


   Skills:
 + Level 7.7 Fighting
 + Level 5.1 Axes
 * Level 10.1 Crossbows
 - Level 2.1 Dodging
 - Level 0.7 Stealth


You had 7 spell levels left.
You didn't know any spells.

Dungeon Overview and Level Annotations

Branches:
Dungeon (7/15)
 Temple: D:4-7

Altars:
Cheibriados
Qazlal
Ru
Vehumet

Shops:
D:5 *


Innate Abilities, Weirdness & Mutations

You reflexively headbutt those who attack you in melee.
You have a pair of horns on your head.


Message History

Press: ? - help, Shift-Dir - straight line, f/p - gargoyle
Aim: a gargoyle, wielding a morningstar (lightly damaged)
You shoot a bolt.
The bolt hits the gargoyle but does no damage.
The gargoyle is lightly damaged.
The gargoyle hurls a stone arrow at you.
The stone arrow hits you!
* * * LOW HITPOINT WARNING * * *
You feel much better. The gargoyle barely misses you. You furiously retaliate!
You headbutt the gargoyle, but do no damage.
You feel yourself speed up.
The gargoyle hits you but does no damage.
You are very lightly contaminated with residual magic.
Wield which item (- for none, * to show all)? (? for menu, Esc to quit)
b - a +2 war axe of chopping (weapon)
You hit the gargoyle but do no damage.
You headbutt the gargoyle, but do no damage.
The gargoyle is lightly damaged.
The gargoyle hits you with a morningstar!!
You die...

.. ....#######. ..
...>............
..#...............
#.#..............
####.#.............
.................# ##
#...............##....
###...................
##......@9...#
#.#<..###..........
#...### ####.......
#...... #...[..
#....$[. ......
#........ ..#+#.
########## .# .#


You could see a gargoyle.

Vanquished Creatures
  3 phantoms
  2 ice beasts (D:5)
  A necrophage (D:6)
  An ogre (D:6)
  A crocodile (D:7)
  3 giant frogs
  2 scorpions
  3 wights (D:6)
  A crimson imp (D:7)
  A centaur zombie (D:6)
  A hound (D:4)
  An orc wizard (D:4)
  A centaur skeleton (D:5)
  An orc priest (D:4)
  Jessica (D:2)
  Terence (D:3)
  Natasha (thrice) (D:2)
  4 worker ants
  9 adders
  A shadow imp (D:6)
  3 oozes
  An adder zombie (D:3)
  4 worms
  2 dart slugs
  3 giant geckos
  9 orcs
  3 giant cockroaches
  8 goblins
  6 hobgoblins
  8 jackals
  A quokka (D:5)
  4 ball pythons
  8 bats
  8 giant newts
  7 kobolds
  A quokka skeleton (D:4)
  9 rats
126 creatures vanquished.

Notes
Turn   | Place    | Note
--------------------------------------------------------------
     0 | D:1      | Geppetto the Minotaur Hunter began the quest for the Orb.
     0 | D:1      | Reached XP level 1. HP: 18/18 MP: 0/0
   223 | D:1      | Reached XP level 2. HP: 25/25 MP: 1/1
   797 | D:2      | Reached skill level 5 in Crossbows
   911 | D:2      | Reached XP level 3. HP: 25/31 MP: 2/2
  1073 | D:2      | Noticed Natasha
  1080 | D:2      | Killed Natasha
  1242 | D:2      | Reached XP level 4. HP: 39/39 MP: 3/3
  1295 | D:2      | Noticed Jessica
  1300 | D:2      | Killed Jessica
  1435 | D:2      | Noticed Natasha
  1440 | D:2      | Killed Natasha
  1440 | D:2      | Reached skill level 6 in Crossbows
  1453 | D:2      | Noticed Natasha
  1455 | D:2      | Killed Natasha
  1455 | D:2      | Reached XP level 5. HP: 46/46 MP: 4/4
  1960 | D:3      | Noticed a phantom
  2109 | D:3      | Noticed Terence
  2118 | D:3      | Killed Terence
  2374 | D:3      | Identified a +1 rod of inaccuracy (13/13) (You found it on level 3 of the Dungeon)
  2461 | D:3      | Found a stormy altar of Qazlal.
  2582 | D:3      | Killed a phantom
  2582 | D:3      | Reached skill level 5 in Fighting
  2582 | D:3      | Reached skill level 1 in Axes
  2582 | D:3      | Reached skill level 7 in Crossbows
  2582 | D:3      | Reached XP level 6. HP: 54/56 MP: 5/5
  2755 | D:3      | Found a snail-covered altar of Cheibriados.
  2768 | D:3      | Found a sacrificial altar of Ru.
  2771 | D:3      | Found a radiant altar of Vehumet.
  3205 | D:4      | Reached XP level 7. HP: 61/61 MP: 6/6
  3274 | D:4      | Reached skill level 8 in Crossbows
  3628 | D:5      | Entered Level 5 of the Dungeon
  3646 | D:5      | Found Cucil's Assorted Antiques.
  3652 | D:5      | Bought a scroll of identify for 44 gold pieces
  3652 | D:5      | Bought a potion of curing for 66 gold pieces
  4071 | D:5      | Reached XP level 8. HP: 71/71 MP: 7/7
  4418 | D:6      | Reached skill level 9 in Crossbows
  4769 | D:7      | Reached skill level 5 in Axes
  4772 | D:7      | Reached skill level 10 in Crossbows
  5002 | D:7      | Noticed a gargoyle
  5006 | D:7      | Got a twisted war axe
  5020 | D:7      | Slain by a gargoyle

Vault maps used:
D:1:      evilmike_arrival_rings
D:2:      uniq_natasha, uniq_jessica
D:3:      grunt_temple_overflow_cloverleaf, first_bread, st_stairs_8,
          kennysheep_path_1, uniq_terence
D:5:      serial_shops, shop
D:6:      due_unseen_surprise
D:7:      kennysheep_mini_moat, nemelex_altar_shiori, temple_pool_a

Skill      XL: |  1  2  3  4  5  6  7  8 |
---------------+-------------------------+-----
Fighting       | 3 4 5 6 7 |  7.7
Crossbows      | 5 6 7 8 10 | 10.1
Axes           | 1 2 3 5 |  5.1
Dodging        | |  2.1
Stealth        | |  0.7

Action                   |  1- 3 |  4- 6 |  7- 9 || total
-------------------------+-------+-------+-------++-------
Melee: Short sword       |    54 |    64 |       ||   118
       Headbutt          |     9 |    15 |    19 ||    43
       War axe           |       |    34 |    93 ||   127
 Fire: Hand crossbow     |    12 |    77 |    32 ||   121
Evoke: Rod               |       |     1 |       ||     1
  Use: Scroll            |     2 |     6 |     3 ||    11
       Potion            |       |       |     3 ||     3
 Stab: Sleeping          |     2 |       |       ||     2
  Eat: Chunk             |     1 |     6 |     6 ||    13
Armor: Leather armour    |    21 |    14 |       ||    35
       Chain mail        |       |    48 |    45 ||    93
Dodge: Dodged            |    35 |    89 |    42 ||   166
